 Dungeon Crawl Stone Soup version 0.24-a0-70-gf44d0c5 (webtiles) character file.

Game seed: 16256086584976680120

6 Lanoc the Skirmisher (level 1, 0/18 HPs)
             Began as a Demonspawn Wanderer on Feb 6, 2019.
             Slain by a goblin
             ... wielding a +0 dagger
              (3 damage)
             ... on level 1 of the Dungeon.
             The game lasted 00:00:57 (329 turns).

Lanoc the Skirmisher (Demonspawn Wanderer)           Turns: 329, Time: 00:00:57

Health: 0/18       AC:  2    Str: 10    XL:     1   Next: 75%
Magic:  2/2        EV: 12    Int: 11    God:
Gold:   26         SH:  0    Dex: 16    Spells: 1/2 levels left

rFire    . . .     SeeInvis .   d - +0 blowgun
rCold    . . .     Gourm    .   (no shield)
rNeg     . . .     Faith    .   e - +0 robe
rPois    .         Spirit   .   (no helmet)
rElec    .         Reflect  .   (no cloak)
rCorr    .         Harm     .   (no gloves)
MR       .....                  (no boots)
Stlth    +.........             (no amulet)
HPRegen  0.06/turn              (no ring)
MPRegen  0.08/turn              (no ring)

@: no status effects
A: no striking features
a: no special abilities


You were on level 1 of the Dungeon.
You were not hungry.

You visited 1 branch of the dungeon, and saw 1 of its levels.

You collected 26 gold pieces.

Inventory:

Hand Weapons
 d - a +0 blowgun (weapon)
 g - a +0 dagger
Missiles
 c - 6 poisoned needles (quivered)
Armour
 e - a +0 robe (worn)
Scrolls
 h - a scroll of enchant weapon {unknown}
 i - a scroll of remove curse {unknown}
Potions
 b - 2 potions of curing
Comestibles
 f - 2 rations


   Skills:
 + Level 3.1 Fighting
 - Level 1.0 Short Blades
 - Level 1.7 Throwing
 + Level 0.5 Armour
 + Level 1.2 Dodging
 - Level 1.0 Spellcasting
   Level 1.7 Fire Magic


You had one spell level left.
You knew the following spells:

 Your Spells              Type           Power        Failure   Level  Hunger
a - Magic Dart            Conj           #...         32%         1    ##.....

Your spell library contained the following spells:

 Spells                   Type           Power        Failure   Level  Hunger
 Blink                    Tloc           N/A          43%         2    ###....
 Call Imp                 Summ           #.......     43%         2    ###....
 Slow                     Hex            #.......     43%         2    ###....
 Conjure Flame            Conj/Fire      #.......     56%         3    ####...
 Mephitic Cloud           Conj/Pois/Air  #.......     67%         3    ####...


Dungeon Overview and Level Annotations

Branches:
Dungeon (1/15)

Altars:


Message History

Aim: a goblin, wielding a +0 dagger You shoot a poisoned needle.
The poisoned needle misses the goblin.
The poisoned needle hits the bat.
The bat looks even sicker.
The bat is heavily wounded.
You kill the bat!
The goblin hits you with a +0 dagger.
* * * LOW HITPOINT WARNING * * *
Firing (i - inventory)
c - 8 poisoned needles (quivered)
Press: ? - help, Shift-Dir - straight line, f/p - goblin
Aim: a goblin, wielding a +0 dagger You shoot a poisoned needle.
The poisoned needle closely misses the goblin.
The goblin hits you but does no damage.
Firing (i - inventory)
c - 7 poisoned needles (quivered)
Press: ? - help, Shift-Dir - straight line, f/p - goblin
Aim: a goblin, wielding a +0 dagger You shoot a poisoned needle.
The poisoned needle barely misses the goblin.
The goblin hits you with a +0 dagger.
You die...

#...........#... ...
#...........#... #..
#...........#... #..
###.........#... #..
#....)....#... ##.?
#.........#... ...
#.........#...
######.#####.........#...
.(....(g@.......######...
######.########.# ##...
#. #.#####.... #>
..........รท ..
#.#####.... .. .# #...#
... #..## ... #...# #....


You could see a goblin.

Vanquished Creatures
  2 goblins (D:1)
  2 bats (D:1)
  A frilled lizard (D:1)
  A kobold (D:1)
6 creatures vanquished.

Notes
Turn   | Place    | Note
-------+----------+-------------------------------------------
     0 | D:1      | Lanoc the Demonspawn Wanderer began the quest for the Orb.
     0 | D:1      | Lanoc set off with the following items: a potion of curing,
                  | 11 poisoned needles, a +0 blowgun, a +0 robe, a ration; and
                  | the following spell memorised: Magic Dart; and the
                  | following spells available to memorise: Blink, Call Imp,
                  | Slow, Conjure Flame, Mephitic Cloud
     0 | D:1      | Reached XP level 1. HP: 18/18 MP: 2/2
   329 | D:1      | Slain by a goblin

Vault maps used:
D:1:      minmay_arrival_five_plusses, layout_basic

Action                   || total
-------------------------++-------
Melee: Dagger            ||    24
 Fire: Blowgun           ||     7
Armor: Robe              ||     7
Dodge: Dodged            ||    17

Table legend:
 A = Non-vault XP
 B = Vault XP
 C = Vault XP percentage of total XP
 D = Non-vault monster count
 E = Vault monster count
 F = Vault count percentage of total count
                 A         B        C        D         E       F
            +---------+---------+-------+---------+---------+-------
      Total |       9 |       0 |   0.0 |       6 |       0 |   0.0
            +---------+---------+-------+---------+---------+-------
        D:1 |       9 |       0 |   0.0 |       6 |       0 |   0.0
            +---------+---------+-------+---------+---------+-------
